 Dungeon Crawl Stone Soup version 0.22.1-5-g62c59d919a (webtiles) character file.

1400 Forgol the Chopper (level 8, -6/74 HPs)
             Began as a Deep Dwarf Fighter on Jan 9, 2019.
             Mangled by an ogre
             ... wielding a +0 giant club
              (19 damage)
             ... on level 6 of the Dungeon.
             The game lasted 00:18:20 (4107 turns).

Forgol the Chopper (Deep Dwarf Fighter)             Turns: 4107, Time: 00:18:21

Health: -6/74      AC: 10    Str: 22    XL:     8   Next: 41%
Magic:  5/5        EV:  8    Int:  9    God:
Gold:   251        SH: 10    Dex: 12    Spells: 7/7 levels left

rFire    . . .     SeeInvis .   a - +0 war axe
rCold    . . .     Gourm    .   c - +0 shield
rNeg     . . .     Faith    .   b - +0 scale mail
rPois    .         Spirit   .   (no helmet)
rElec    .         Reflect  .   x - +2 cloak
rCorr    .         Harm     .   (no gloves)
MR       +....                  (no boots)
Stlth    ..........             (no amulet)
HPRegen  0.00/turn              (no ring)
MPRegen  0.09/turn              (no ring)

@: lethally poisoned (-6 -> -6), non-regenerating
A: damage resistance, heal wounds, sense surroundings 1, no regeneration
a: Heal Wounds


You were on level 6 of the Dungeon.
You were not hungry.

You visited 1 branch of the dungeon, and saw 6 of its levels.

You collected 251 gold pieces.

Inventory:

Hand Weapons
 a - a +0 war axe (weapon)
Armour
 b - a +0 scale mail (worn)
 c - a +0 shield (worn)
 x - a +2 cloak (worn)
Jewellery
 q - an uncursed amulet of regeneration
 z - an uncursed ring of wizardry {unknown}
Scrolls
 h - 6 scrolls of identify
 l - a scroll of remove curse
 m - a scroll of fog {unknown}
 n - 3 scrolls of amnesia {unknown}
 o - 2 scrolls of enchant armour {unknown}
 r - 4 scrolls of teleportation {unknown}
 s - a scroll of enchant weapon {unknown}
 t - 3 scrolls of immolation {unknown}
 u - a scroll of fear {unknown}
 w - a scroll of blinking {unknown}
 y - a scroll of noise {unknown}
Potions
 d - a potion of might
 e - a potion of heal wounds {unknown}
 g - 3 potions of lignification {unknown}
 i - 2 potions of brilliance {unknown}
 j - 4 potions of curing
 k - a potion of flight {unknown}
 p - a potion of resistance {unknown}
Comestibles
 f - 12 rations
 v - 5 chunks of flesh


   Skills:
 + Level 5.0 Fighting
 * Level 7.5 Axes
 + Level 6.0 Armour
 + Level 6.0 Shields


You had 7 spell levels left.
You didn't know any spells.
Your spell library was empty.

Dungeon Overview and Level Annotations

Branches:
Dungeon (6/15)
 Temple: D:4-7

Altars:
Gozag

Annotations:
D:6 Prince Ribbit


Innate Abilities, Weirdness & Mutations

You are resistant to damage.
You can heal yourself by infusing magical energy.
You passively map a small area around you.
You do not regenerate.


Message History

* * * LOW HITPOINT WARNING * * *
You block Prince Ribbit's attack.
You closely miss Prince Ribbit.
Prince Ribbit is moderately wounded.
You slash something! You barely miss the ogre. Prince Ribbit barely misses you.
Something hits you. Something shocks you.
* * * LOW HITPOINT WARNING * * *
The ogre barely misses you.
You slash Prince Ribbit!
Prince Ribbit is severely wounded.
You hit the ogre but do no damage. You hit the adder zombie.
You miss something.
Prince Ribbit lets out a mournful croak.
Prince Ribbit barely misses you.
The adder zombie bites you but does no damage.
A sky beast appears from thin air!
Reactivating autopickup.
You block the sky beast's attack. Prince Ribbit barely misses you.
You block the adder zombie's attack. The ogre hits you with a giant club!!
You die...

, .?.....#,.....
, , ,, ,
#......# ..... ,
, #......##.....
* * ,
#.........b(..
,,
+............. ,
,,#.............
, #.............
,
,#....O.F......
,#.....@.≈.....
, #....Z.Y......
, ,
#......##..=.. ,
, #......# .....
, , , #......#
,.... , , * ,,
#......#* ... ,
#......#* ,... ,
, , , #.......#
, , , ........#


You could see Prince Ribbit, a sky beast, an ogre and an adder zombie.

Vanquished Creatures
  A water moccasin (D:6)
  2 sky beasts
  An ice beast (D:6)
  2 ogres
  A centaur (D:5)
  A bullfrog (D:6)
  A howler monkey (D:5)
  A crimson imp (D:5)
  Crazy Yiuf (D:3)
  A bullfrog zombie (D:5)
  3 hounds
  An orc priest (D:5)
  3 orc wizards
  Jessica (D:3)
  Terence (D:3)
  6 worker ants
  A howler monkey zombie (D:5)
  3 gnolls (D:4)
  6 adders
  An ooze (D:3)
  4 worms
  5 dart slugs
  2 leopard geckos (D:5)
  4 orcs
  6 bats
  6 giant cockroaches
  7 goblins
  5 hobgoblins
  6 jackals (D:2)
  8 kobolds
  4 quokkas
  4 frilled lizards
  2 quokka skeletons (D:4)
  3 rats
104 creatures vanquished.

Notes
Turn   | Place    | Note
-------+----------+-------------------------------------------
     0 | D:1      | Forgol the Deep Dwarf Fighter began the quest for the Orb.
     0 | D:1      | Reached XP level 1. HP: 20/20 MP: 1/1
   122 | D:1      | Reached XP level 2. HP: 22/27 MP: 2/2
   525 | D:1      | You fall through a shaft!
   633 | D:2      | Reached XP level 3. HP: 32/34 MP: 3/3
   646 | D:2      | Reached skill level 3 in Axes
  1092 | D:2      | Reached XP level 4. HP: 31/42 MP: 4/4
  1350 | D:3      | Found a runed door.
  1647 | D:3      | Noticed Terence
  1672 | D:3      | Killed Terence
  1672 | D:3      | Reached skill level 4 in Axes
  1672 | D:3      | Reached XP level 5. HP: 23/49 MP: 5/5
  1777 | D:3      | Found an opulent altar of Gozag.
  1793 | D:3      | Noticed Jessica
  1796 | D:3      | Killed Jessica
  2088 | D:3      | Noticed Crazy Yiuf
  2096 | D:3      | Killed Crazy Yiuf
  2195 | D:4      | Noticed an ogre
  2203 | D:4      | Reached XP level 6. HP: 37/57 MP: 5/5
  2208 | D:4      | Reached skill level 5 in Axes
  2678 | D:4      | Reached XP level 7. HP: 58/64 MP: 5/5
  3222 | D:5      | Entered Level 5 of the Dungeon
  3292 | D:5      | Reached skill level 5 in Armour
  3292 | D:5      | Reached skill level 5 in Shields
  3389 | D:5      | Reached skill level 6 in Axes
  3953 | D:5      | Reached XP level 8. HP: 50/73 MP: 6/6
  4061 | D:6      | Reached skill level 7 in Axes
  4073 | D:6      | Noticed Prince Ribbit
  4105 | D:6      | Reached skill level 5 in Fighting
  4107 | D:6      | Mangled by an ogre

Skill      XL: |  1  2  3  4  5  6  7  8 |
---------------+-------------------------+-----
Fighting       | 3 4 5 |  5.0
Axes           | 3 4 5 6 7 |  7.5
Armour         | 4 5 6 |  6.0
Shields        | 4 5 6 |  6.0

Action                   |  1- 3 |  4- 6 |  7- 9 || total
-------------------------+-------+-------+-------++-------
Melee: War axe           |   172 |   183 |   131 ||   486
 Abil: Heal Wounds       |     1 |     5 |     6 ||    12
  Use: Scroll            |       |     2 |     1 ||     3
  Eat: Chunk             |     1 |     5 |     2 ||     8
       Ration            |       |       |     1 ||     1
Armor: Scale mail        |    73 |    87 |    81 ||   241
Dodge: Dodged            |    58 |    52 |    43 ||   153
Block: Shield            |    99 |    97 |    77 ||   273
